 Dungeon Crawl Stone Soup version 0.25-a0-730-g633e9c3c14 (webtiles) character file.

Game seed: 17022880879204258328, levelgen mode: deterministic

63 Lugonue the Stinger (level 4, 0/25 HPs)
             Began as a Tengu Venom Mage on Apr 7, 2020.
             Succumbed to an adder's poison
             ... on level 2 of the Dungeon.
             The game lasted 00:04:44 (1033 turns).

Lugonue the Stinger (Tengu Venom Mage)              Turns: 1033, Time: 00:04:44

Health: 0/25       AC:  2    Str:  9    XL:     4   Next: 9%
Magic:  4/8        EV: 13    Int: 15    God:
Gold:   21         SH:  0    Dex: 15    Spells: 4/7 levels left

rFire    + . .     SeeInvis .   (no weapon)
rCold    + . .     Gourm    .   (no shield)
rNeg     . . .     Faith    .   a - +0 robe
rPois    +         Spirit   .   (helmet restricted)
rElec    +         Reflect  .   (no cloak)
rCorr    +         Harm     .   (no gloves)
MR       .....                  (boots unavailable)
Stlth    ++........             (no amulet)
HPRegen  0.08/turn              (no ring)
MPRegen  0.11/turn              (no ring)

@: lethally poisoned (0 -> -3), resistant
A: beak, talons 3
a: no special abilities


You were on level 2 of the Dungeon.
You were hungry.

You visited 1 branch of the dungeon, and saw 2 of its levels.

You collected 21 gold pieces.

Inventory:

Missiles
 i - 14 poisoned darts (quivered)
Armour
 a - a +0 robe (worn)
Jewellery
 h - an uncursed ring of protection from magic {unknown}
Scrolls
 b - a scroll of teleportation {unknown}
 d - a scroll of identify {unknown}
Comestibles
 c - 2 rations


   Skills:
 * Level 1.1 Fighting
 + Level 0.1 Throwing
 + Level 2.3 Dodging
 + Level 2.1 Stealth
 + Level 0.6 Unarmed Combat
 + Level 2.3 Spellcasting
 + Level 1.1 Transmutations
 + Level 3.9 Poison Magic


You had 4 spell levels left.
You knew the following spells:

 Your Spells              Type           Power        Failure   Level  Hunger
a - Sting                 Tmut/Pois      #...         8%          1    #......
b - Poisonous Vapours     Pois/Air       #.....       14%         2    ###....

Your spell library contained the following spells:

 Spells                   Type           Power        Failure   Level  Hunger
 Ignite Poison            Fire/Tmut/Pois #.......     32%         3    ###....
 Mephitic Cloud           Conj/Pois/Air  #.......     36%         3    ###....
 Olgreb's Toxic Radiance  Pois           ##......     38%         4    #####..


Dungeon Overview and Level Annotations

Branches:
Dungeon (2/15)

Altars:


Innate Abilities, Weirdness & Mutations

You have a beak for a mouth.
You have claws for feet.


Message History

Unknown command.
There is an open door here.
Really walk into that dispersal trap? [Y]es or [N]o only, please.
Really walk into that dispersal trap?
Okay, then.
Unknown command.
Unknown command.
Okay, then.
Unknown command.
Really walk into that dispersal trap?
You enter a dispersal trap!
You blink.
* * * LOW HITPOINT WARNING * * *
You feel sick.
You open the door.
* * * LOW HITPOINT WARNING * * *
You feel sick.
There is an open door here.
Your magical contamination has completely faded away.
You die...

....##.#.#..###.... .
#..#.#....(.......
...#..................
#..............
#...#........... #
+............
#..........
##'#######. #...@...#
#######.#


There were no monsters in sight!

Vanquished Creatures
  Natasha (D:1)
  An adder (D:2)
  An ooze (D:1)
  A dart slug (D:1)
  A leopard gecko (D:1)
  A giant cockroach (D:1)
  4 goblins
  2 hobgoblins (D:1)
  2 ball pythons (D:1)
  5 bats (D:1)
  3 kobolds (D:1)
  3 rats (D:1)
25 creatures vanquished.

Notes
Turn   | Place    | Note
-------+----------+-------------------------------------------
     0 | D:1      | Lugonue the Tengu Venom Mage began the quest for the Orb.
     0 | D:1      | Reached XP level 1. HP: 10/10 MP: 4/4
   105 | D:1      | Reached XP level 2. HP: 13/15 MP: 6/6
   585 | D:1      | Reached XP level 3. HP: 18/20 MP: 5/7
   910 | D:2      | Noticed Natasha
   921 | D:1      | Killed Natasha
   921 | D:1      | Reached skill level 1 in Transmutations
   954 | D:1      | Learned a level 2 spell: Poisonous Vapours
  1012 | D:2      | Reached skill level 1 in Fighting
  1012 | D:2      | Reached XP level 4. HP: 5/25 MP: 3/8
  1029 | D:2      | HP: 1/25 [poisoned by an adder]
  1033 | D:2      | Succumbed to an adder's poison

Levels and vault maps discovered:
D:1:      dpeg_arrival_more_subterranean_lakeside_camping, layout_basic,
          kennysheep_decorative_pillar, minmay_tetromino_s4
D:2:      layout_basic, uniq_natasha

Skill      XL: |  1  2  3 |
---------------+----------+-----
Transmutations | 1 |  1.1
Fighting       | 1 |  1.1
Throwing       | |  0.1
Dodging        | |  2.3
Stealth        | |  2.1
Unarmed Combat | |  0.6
Spellcasting   | |  2.3
Poison Magic   | |  3.9

Action                   |  1- 3 |  4- 6 || total
-------------------------+-------+-------++-------
Melee: Unarmed           |    35 |       ||    35
       Kick              |    12 |       ||    12
       Peck              |     5 |       ||     5
Throw: Dart              |     7 |       ||     7
 Cast: Sting             |    26 |     2 ||    28
  Use: Potion            |     1 |     1 ||     2
Armor: Robe              |    15 |       ||    15
Dodge: Dodged            |    48 |     3 ||    51

Table legend:
 A = Non-vault XP
 B = Vault XP
 C = Vault XP percentage of total XP
 D = Non-vault monster count
 E = Vault monster count
 F = Vault count percentage of total count
                 A         B        C        D         E       F
            +---------+---------+-------+---------+---------+-------
      Total |      53 |      37 |  41.1 |      23 |       2 |   8.0
            +---------+---------+-------+---------+---------+-------
        D:1 |      38 |      37 |  49.3 |      21 |       2 |   8.7
        D:2 |      15 |       0 |   0.0 |       2 |       0 |   0.0
            +---------+---------+-------+---------+---------+-------
